 Dungeon Crawl Stone Soup version 0.29-a0-575-g0dc89cf053 (webtiles) character file.

Game seed: 2682407370656250083

200 DocClef the Covert (level 5, -4/44 (47) HPs)
             Began as a Gnoll Delver on June 12, 2022.
             Was a Follower of Okawaru.
             Slain by a wight
             ... wielding a +1 flail
              (11 damage)
             ... on level 6 of the Dungeon.
             The game lasted 00:00:44 (828 turns).

DocClef the Covert (Gnoll Delver)                    Turns: 828, Time: 00:00:45

HP:   -4/44 (47)    AC:  3    Str: 11    XL:     5   Next: 79%
MP:   7/7           EV: 13    Int:  9    God:    Okawaru [*.....]
Gold: 13            SH:  0    Dex: 16    Spells: 7/7 levels left

rFire   . . .      SeeInvis .   a - +0 short sword
rCold   . . .      Faith    .   (no shield)
rNeg    . . .      Spirit   .   b - +0 leather armour
rPois   .          Reflect  .   (no helmet)
rElec   .          Harm     .   (no cloak)
rCorr   .          Rampage  .   (no gloves)
Will    .....                   (no boots)
Stlth   ++++......              (no amulet)
HPRegen 0.14/turn               (no ring)
MPRegen 0.10/turn               (no ring)

@: drained
A: fangs 1, strong nose, distributed training
a: Renounce Religion, Heroism


You were on level 6 of the Dungeon.
You worshipped Okawaru.
Okawaru was aware of your devotion.
You visited 2 branches of the dungeon, and saw 3 of its levels.

You collected 13 gold pieces.

Inventory:

Hand Weapons
 a - a +0 short sword (weapon)
Armour
 b - a +0 leather armour (worn)
Wands
 g - a wand of digging (3)
Scrolls
 c - a scroll of fog
 d - a scroll of magic mapping
 e - a scroll of fear
Potions
 f - a potion of haste


   Skills:
 + Level 6.7 Fighting
 + Level 4.8 Short Blades
 + Level 1.6 Long Blades
 + Level 1.6 Axes
 + Level 1.6 Maces & Flails
 + Level 1.6 Polearms
 + Level 1.6 Staves
 + Level 1.6 Slings
 + Level 1.6 Bows
 + Level 1.6 Crossbows
 + Level 1.6 Throwing
 + Level 1.6 Armour
 + Level 4.8 Dodging
 + Level 9.7 Stealth
 + Level 1.6 Shields
 + Level 1.6 Unarmed Combat
 + Level 1.6 Spellcasting
 + Level 1.3 Conjurations
 + Level 1.3 Hexes
 + Level 1.3 Summonings
 + Level 1.3 Necromancy
 + Level 1.3 Translocations
 + Level 1.3 Transmutations
 + Level 1.3 Fire Magic
 + Level 1.3 Ice Magic
 + Level 1.3 Air Magic
 + Level 1.3 Earth Magic
 + Level 1.3 Poison Magic
 + Level 1.8 Invocations
 + Level 1.6 Evocations


You had 7 spell levels left.
You didn't know any spells.
Your spell library was empty.

Dungeon Overview and Level Annotations

Branches:
Dungeon (6/15)             Temple (1/1) D:5

Altars:
Ashenzari
Cheibriados
Dithmenos
Elyvilon
Fedhas
Gozag
Hepliaklqana
Kikubaaqudgha
Makhleb
Nemelex Xobeh
Okawaru
Qazlal
Sif Muna
Trog
Uskayaw
Wu Jian
Xom
Yredelemnul
Zin
The Shining One


Innate Abilities, Weirdness & Mutations

You have very sharp teeth.
Your uncanny sense of smell can sniff out nearby items.
Your experience applies equally to all skills.


Message History

You hit the iguana but do no damage.
The iguana is heavily wounded.
The iguana bites you.
You barely miss the iguana. You bite the iguana.
The iguana is heavily wounded.
The iguana bites you but does no damage.
You hit the iguana.
The iguana is severely wounded.
The iguana closely misses you.
You hit the iguana. You bite the iguana, but do no damage.
The iguana is almost dead.
The iguana bites you.
* * * LOW HITPOINT WARNING * * *
You puncture the iguana!
You kill the iguana!
Okawaru accepts your kill.
You see here an iguana corpse.
You start resting.
HP restored.
Found an escape hatch in the floor. 2 wights come into view.
There are monsters nearby!
There are monsters nearby!
There are monsters nearby!
A wight comes into view. It is wielding a +1 flail.
A wight comes into view. It is wielding a +0 war axe.
The wight completely misses you. The wight barely misses you.
You hit the wight. You bite the wight.
The wight is lightly damaged.
The wight hits you with a +1 flail. The wight hits you with a +0 spear.
You feel drained.
The wight hits you with a +0 dire flail!
You feel drained. The wight attacks as you move away! The wight misses you.
The wight hits you from afar with a +0 spear.
The wight attacks as you move away! The wight hits you with a +1 flail!
* * * LOW HITPOINT WARNING * * *
Found a stone staircase leading down.
The wight attacks as you move away! The wight hits you with a +1 flail!
You die...

#.#.#
#######.#.#
∆..........# #.#
#z# #z# #.#
###.##########.#
......>@z.zzz..#
.>..........####
####.######.# #
#.# #÷# #.#
####.######
#.........#
#.###.##.####.#


You could see 4 wights.

Vanquished Creatures
  An ice beast (D:6)
  An ogre (D:6)
  An iguana (D:6)
  An adder (D:6)
4 creatures vanquished.

Notes
Turn   | Place    | Note
-------+----------+-------------------------------------------
     0 | D:5      | Reached skill level 9 in Stealth
     0 | D:5      | DocClef the Gnoll Delver began the quest for the Orb.
     0 | D:5      | Reached XP level 1. HP: 23/23 MP: 1/1
    11 | Temple   | Entered the Ecumenical Temple
   318 | Temple   | Became a worshipper of Warmaster Okawaru
   376 | D:6      | Noticed an ogre
   380 | D:6      | Killed an ogre
   380 | D:6      | Reached * piety under Okawaru
   381 | D:6      | Reached skill level 1 in Long Blades
   381 | D:6      | Reached skill level 1 in Axes
   381 | D:6      | Reached skill level 1 in Maces & Flails
   381 | D:6      | Reached skill level 1 in Polearms
   381 | D:6      | Reached skill level 1 in Staves
   381 | D:6      | Reached skill level 1 in Slings
   381 | D:6      | Reached skill level 1 in Bows
   381 | D:6      | Reached skill level 1 in Crossbows
   381 | D:6      | Reached skill level 1 in Throwing
   381 | D:6      | Reached skill level 1 in Armour
   381 | D:6      | Reached skill level 1 in Shields
   381 | D:6      | Reached skill level 1 in Unarmed Combat
   381 | D:6      | Reached skill level 1 in Spellcasting
   381 | D:6      | Reached skill level 1 in Invocations
   381 | D:6      | Reached skill level 1 in Evocations
   381 | D:6      | Reached XP level 2. HP: 29/29 MP: 1/3
   381 | D:6      | Reached XP level 3. HP: 35/35 MP: 1/4
   381 | D:6      | Reached XP level 4. HP: 41/41 MP: 1/5
   428 | D:6      | Noticed an ice beast
   433 | D:6      | Killed an ice beast
   434 | D:6      | Reached skill level 1 in Conjurations
   434 | D:6      | Reached skill level 1 in Hexes
   434 | D:6      | Reached skill level 1 in Summonings
   434 | D:6      | Reached skill level 1 in Necromancy
   434 | D:6      | Reached skill level 1 in Translocations
   434 | D:6      | Reached skill level 1 in Transmutations
   434 | D:6      | Reached skill level 1 in Fire Magic
   434 | D:6      | Reached skill level 1 in Ice Magic
   434 | D:6      | Reached skill level 1 in Air Magic
   434 | D:6      | Reached skill level 1 in Earth Magic
   434 | D:6      | Reached skill level 1 in Poison Magic
   434 | D:6      | Reached XP level 5. HP: 47/47 MP: 5/7
   828 | D:6      | Slain by a wight

Illustrated notes

Levels and vault maps discovered:
D:5:      layout_loops_ring, minmay_temple_entry_from_below_b, serial_shops,
          shop
D:6:      layout_loops_ring, ebering_ghost_sewer_d, nicolae_underground_beach
Temple:   mainiacjoe_temple_cubbyholes

Skill      XL: |  1  2  3  4 |
---------------+-------------+-----
Stealth        | |  9.7
Long Blades    | 1 |  1.6
Axes           | 1 |  1.6
Maces & Flails | 1 |  1.6
Polearms       | 1 |  1.6
Staves         | 1 |  1.6
Slings         | 1 |  1.6
Bows           | 1 |  1.6
Crossbows      | 1 |  1.6
Throwing       | 1 |  1.6
Armour         | 1 |  1.6
Shields        | 1 |  1.6
Unarmed Combat | 1 |  1.6
Spellcasting   | 1 |  1.6
Invocations    | 1 |  1.8
Evocations     | 1 |  1.6
Conjurations   | 1 |  1.3
Hexes          | 1 |  1.3
Summonings     | 1 |  1.3
Necromancy     | 1 |  1.3
Translocations | 1 |  1.3
Transmutations | 1 |  1.3
Fire Magic     | 1 |  1.3
Ice Magic      | 1 |  1.3
Air Magic      | 1 |  1.3
Earth Magic    | 1 |  1.3
Poison Magic   | 1 |  1.3
Fighting       | |  6.7
Short Blades   | |  4.8
Dodging        | |  4.8

Action                   |  1- 3 |  4- 6 || total
-------------------------+-------+-------++-------
Melee: Short sword       |     1 |    27 ||    28
       Bite              |       |     6 ||     6
 Stab: Sleeping          |     1 |     1 ||     2
Armor: Leather armour    |       |     4 ||     4
Dodge: Dodged            |       |    15 ||    15

Table legend: (Time is in decaauts)
 A = Elapsed time spent in this place.
 B = Non-inter-level travel time spent in this place.
 C = Inter-level travel time spent in this place.
 D = Time resting spent in this place.
 E = Time spent auto-exploring this place.
 F = Levels seen in this place.
 G = Mean time per level.
                   A        B        C        D        E       F      G
               +--------+--------+--------+--------+--------+-----+--------+
         Total |    824 |    753 |     71 |    217 |    459 |   3 |  274.7 |
       Dungeon |    467 |    461 |      6 |    217 |    172 |   2 |  233.5 |
        Temple |    356 |    291 |     65 |      0 |    287 |   1 |  356.0 |
               +--------+--------+--------+--------+--------+-----+--------+

Top non-repeatable levels by time:
     D:6: 447 daAuts
  Temple: 356 daAuts
     D:5: 19 daAuts
